 Dungeon Crawl Stone Soup version 0.32-a0-876-gcfddb08e57 (webtiles) character file.

Game seed: 6805901678224684244

67 Skryme the Ruffian (level 4, -10/32 HPs)
             Began as a Gnoll Shapeshifter on Apr 1, 2024.
             Mangled by a gnoll sergeant
             ... wielding a +0 spear
              (11 damage)
             ... on level 2 of the Dungeon.
             The game lasted 00:02:42 (1414 turns).

Skryme the Ruffian (Gnoll Shapeshifter)             Turns: 1414, Time: 00:02:42

Health: -10/32     AC:  1    Str: 13    XL:     4   Next: 16%
Magic:  5/5        EV: 16    Int: 12    God:
Gold:   117        SH:  0    Dex: 11    Spells: 5/5 levels left

rFire   . .          .
                       - Unarmed
rCold   . . .        (shield currently unavailable)
rNeg    . . .        a - melded +0 animal skin
rPois   .            e - +0 helmet
rElec   .            (no cloak)
rCorr   .            (no gloves)
SInv    .            (no boots)
Will    .....        (no amulet)
Stlth   +            (no ring)
HPRegen 0.25/turn    (no ring)
MPRegen 0.09/turn

%: no passive effects
@: flux-form, glowing
A: glow, contaminating, reduced hp, fangs 1, strong nose, distributed training
a: Begin Untransformation


You were on level 2 of the Dungeon.
You were something dangerously unstable.
You visited 1 branch of the dungeon, and saw 2 of its levels.

You collected 117 gold pieces.

Inventory:

Hand Weapons
 h - a +0 broad axe
 m - a +1 whip of electrocution
 o - a +0 spear
 p - the +5 woodcutter's axe
   (You took it off a gnoll on level 2 of the Dungeon)
Missiles
 n - 6 boomerangs (quivered)
Armour
 a - a +0 animal skin (melded)
 e - a +0 helmet (worn)
 l - a +0 chain mail
Talismans
 c - a beast talisman
 d - a flux talisman (active)
Scrolls
 g - a scroll of silence {unknown}
 j - a scroll of amnesia {unknown}
Potions
 f - a potion of enlightenment {unknown}
 i - a potion of invisibility {unknown}
 k - a potion of cancellation


   Skills:
 + Level 2.7 Fighting
 + Level 1.1 Short Blades
 + Level 1.1 Long Blades
 + Level 1.1 Axes
 + Level 1.1 Maces & Flails
 + Level 1.1 Polearms
 + Level 1.1 Staves
 + Level 1.1 Ranged Weapons
 + Level 1.1 Throwing
 + Level 1.1 Armour
 + Level 4.6 Dodging
 + Level 1.1 Stealth
 + Level 1.1 Shields
 + Level 6.6 Unarmed Combat
 + Level 1.1 Spellcasting
 + Level 0.8 Conjurations
 + Level 0.8 Hexes
 + Level 0.8 Summonings
 + Level 0.8 Necromancy
 + Level 0.8 Translocations
 + Level 0.8 Fire Magic
 + Level 0.8 Ice Magic
 + Level 0.8 Air Magic
 + Level 0.8 Earth Magic
 + Level 0.8 Alchemy
 + Level 1.2 Invocations
 + Level 1.1 Evocations
 + Level 6.5 Shapeshifting


You had 5 spell levels left.
You didn't know any spells.
Your spell library contained the following spells:

 Spells                   Type           Power      Damage    Failure   Level
 Ensorcelled Hibernation  Hex/Ice        4%         N/A       32%         2
 Mercury Vapours          Alch/Air       4%         N/A       32%         2
 Fugue of the Fallen      Necr           2%         N/A       54%         3
 Mephitic Cloud           Conj/Alch/Air  2%         N/A       54%         3
 Anguish                  Hex/Necr       1%         N/A       91%         4
 Freezing Cloud           Conj/Ice/Air   1%         6-21      99%         5
 Conjure Ball Lightning   Conj/Air       1%         3x3d6     100%        6
 Discord                  Hex            1%         N/A       100%        8
 Disjunction              Tloc           1%         N/A       100%        8


Dungeon Overview and Level Annotations

Branches:
Dungeon (2/15)

Altars:


Innate Abilities, Weirdness & Mutations

You are something dangerously unstable.
You glow with magical radiation, making you easy to see and hit.
Foes you strike become dangerously contaminated with magical radiation.
Your maximum health is decreased, since you lack skill for your form.
You are incapable of wielding weapons or throwing items.
You have very sharp teeth.
Your uncanny sense of smell can sniff out nearby items.
Your experience applies equally to all skills.


Message History

You see here 2 stones.
Unknown command.
Your transformation has ended.
Your +0 animal skin unmelds from your body.
You turn into a tree.
Your +0 helmet melds into your body.
Your +0 animal skin melds into your body.
Your roots penetrate the ground.
The gnoll sergeant hits you but does no damage.
The gnoll hits you but does no damage.
You hit the gnoll sergeant but do no damage.
The gnoll sergeant hits you but does no damage.
The gnoll hits you but does no damage. The gnoll hits you with a +0 club.
* * * LOW HITPOINT WARNING * * *
Unknown command.
You hit the gnoll sergeant. Your punch misses the gnoll sergeant.
The gnoll sergeant is moderately wounded.
The gnoll sergeant hits you with a +0 spear.
* * * LOW HITPOINT WARNING * * *
The gnoll hits you but does no damage. x2; The gnoll hits you with a +0 club.
* * * LOW HITPOINT WARNING * * *
Unknown command.
Unknown command.
Unknown command.
You barely miss the gnoll sergeant.
The gnoll sergeant is moderately wounded.
The gnoll sergeant hits you with a +0 spear.
* * * LOW HITPOINT WARNING * * *
The gnoll barely misses you. The gnoll hits you but does no damage.
Unknown command.
It was a potion of cancellation.
Your magical effects are unravelling.
You feel magically purged.
You feel less wooden.
Your +0 helmet unmelds from your body.
Your +0 animal skin unmelds from your body.
You turn into something dangerously unstable.
Your +0 animal skin melds into your body.
The gnoll barely misses you.
The gnoll sergeant hits you with a +0 spear!
You die...

#.## #.# #....###### ...####.#
#####.#### #....##.# ##.....#
#.##....#####..#####
..####.....)..## ....##.#)....##
g...g....###.### #.####...#
#...###
#.####.#.#####ggp##########
#.##...#......g÷g.........#######
###################.##.....#...>.
#>............. ∆
#####.............
###.................
######...###............. ∆
#......### #............. ∆∆
######## #.....÷.......


You could see a gnoll sergeant and 3 gnolls.

Vanquished Creatures
  2 gnolls (D:2)
  3 bats (D:1)
  2 endoplasms
  3 giant cockroaches
  2 goblins
  9 hobgoblins
  6 jackals
  2 kobolds (D:2)
  A quokka (D:2)
  4 ball pythons
  4 frilled lizards
  3 rats
41 creatures vanquished.

Notes
Turn   | Place    | Note
-------+----------+-------------------------------------------
     0 | D:1      | Skryme the Gnoll Shapeshifter began the quest for the Orb.
     0 | D:1      | Reached XP level 1. HP: 17/17 MP: 1/1
   102 | D:1      | Reached XP level 2. HP: 17/23 MP: 2/2
   849 | D:2      | Reached XP level 3. HP: 26/28 MP: 3/3
  1020 | D:2      | Reached skill level 1 in Invocations
  1095 | D:2      | Reached skill level 1 in Short Blades
  1095 | D:2      | Reached skill level 1 in Long Blades
  1095 | D:2      | Reached skill level 1 in Axes
  1095 | D:2      | Reached skill level 1 in Maces & Flails
  1095 | D:2      | Reached skill level 1 in Polearms
  1095 | D:2      | Reached skill level 1 in Staves
  1095 | D:2      | Reached skill level 1 in Ranged Weapons
  1095 | D:2      | Reached skill level 1 in Throwing
  1095 | D:2      | Reached skill level 1 in Armour
  1095 | D:2      | Reached skill level 1 in Stealth
  1095 | D:2      | Reached skill level 1 in Shields
  1095 | D:2      | Reached skill level 1 in Spellcasting
  1095 | D:2      | Reached skill level 1 in Evocations
  1347 | D:2      | Noticed a gnoll sergeant
  1350 | D:2      | Reached XP level 4. HP: 32/34 MP: 5/5
  1412 | D:2      | HP: 2/51 [gnoll/+0 club (3)]
  1414 | D:2      | Mangled by a gnoll sergeant

Illustrated notes

Levels and vault maps discovered:
D:1:      minmay_arrival_wavy_path, layout_loops_cross, minmay_split_cup_small
D:2:      layout_rooms, supply_closet_lemuel, pf_guarded_unrand_woodcutter

Skill      XL: |  1  2  3 |
---------------+----------+-----
Invocations    | 1 |  1.2
Short Blades   | 1 |  1.1
Long Blades    | 1 |  1.1
Axes           | 1 |  1.1
Maces & Flails | 1 |  1.1
Polearms       | 1 |  1.1
Staves         | 1 |  1.1
Ranged Weapons | 1 |  1.1
Throwing       | 1 |  1.1
Armour         | 1 |  1.1
Stealth        | 1 |  1.1
Shields        | 1 |  1.1
Spellcasting   | 1 |  1.1
Evocations     | 1 |  1.1
Fighting       | |  2.7
Dodging        | |  4.6
Unarmed Combat | |  6.6
Conjurations   | |  0.8
Hexes          | |  0.8
Summonings     | |  0.8
Necromancy     | |  0.8
Translocations | |  0.8
Fire Magic     | |  0.8
Ice Magic      | |  0.8
Air Magic      | |  0.8
Earth Magic    | |  0.8
Alchemy        | |  0.8
Shapeshifting  | |  6.5

Action                     |  1- 3 |  4- 6 || total
---------------------------+-------+-------++-------
  Melee: Unarmed           |   125 |     7 ||   132
         Bite              |    13 |     1 ||    14
    Use: Potion            |       |     2 ||     2
 Armour: Skin              |    34 |    19 ||    53
  Dodge: Dodged            |   101 |     8 ||   109
   Form: Flux              |     1 |       ||     1

Table legend: (Time is in decaauts)
 A = Elapsed time spent in this place.
 B = Non-inter-level travel time spent in this place.
 C = Inter-level travel time spent in this place.
 D = Time resting spent in this place.
 E = Time spent auto-exploring this place.
 F = Levels seen in this place.
 G = Mean time per level.
                   A        B        C        D        E       F      G
               +--------+--------+--------+--------+--------+-----+--------+
         Total |   1397 |   1385 |     12 |     59 |   1003 |   2 |  698.5 |
       Dungeon |   1397 |   1385 |     12 |     59 |   1003 |   2 |  698.5 |
               +--------+--------+--------+--------+--------+-----+--------+

Top non-repeatable levels by time:
     D:1: 838 daAuts
     D:2: 559 daAuts
